 Dungeon Crawl Stone Soup version 0.29.1-15-g9cfb28693d (webtiles) character file.

Game seed: 11715410203751768252

242 Eitelfritz the Chopper (level 6, 0/53 HPs)
             Began as a Hill Orc Fighter on Apr 14, 2023.
             Slain by TangoThomas's ghost (4 damage)
             ... on level 4 of the Dungeon.
             The game lasted 00:04:39 (3935 turns).

Eitelfritz the Chopper (Hill Orc Fighter)           Turns: 3935, Time: 00:04:40

Health: 0/53       AC:  9    Str: 21    XL:     6   Next: 9%
Magic:  6/6        EV:  9    Int:  8    God:
Gold:   178        SH:  4    Dex: 10    Spells: 5/5 levels left

rFire   . . .      SeeInvis .   a - +0 war axe
rCold   + . .      Faith    .   c - +0 buckler
rNeg    . . .      Spirit   .   b - +0 scale mail
rPois   .          Reflect  .   (no helmet)
rElec   .          Harm     .   n - +0 cloak
rCorr   .          Rampage  .   i - +0 pair of gloves
Will    .....                   (no boots)
Stlth   ..........              (no amulet)
HPRegen 0.17/turn               h - ring of protection from cold
MPRegen 0.10/turn               (no ring)

@: mighty
A: no striking features
a: no special abilities


You were on level 4 of the Dungeon.
You visited 1 branch of the dungeon, and saw 4 of its levels.

You collected 178 gold pieces.

Inventory:

Hand Weapons
 a - a +0 war axe (weapon)
 z - a +0 flail
Missiles
 g - 4 boomerangs (quivered)
Armour
 b - a +0 scale mail (worn)
 c - a +0 buckler (worn)
 i - a +0 pair of gloves (worn)
 n - a +0 cloak (worn)
Jewellery
 h - a ring of protection from cold (left hand)
 u - a ring of positive energy
Wands
 r - a wand of paralysis (9)
Scrolls
 e - a scroll of noise {unknown}
 j - a scroll of silence {unknown}
 k - 2 scrolls of fear {unknown}
 m - 4 scrolls of teleportation {unknown}
 o - 5 scrolls of identify {unknown}
 s - a scroll of butterflies {unknown}
 t - a scroll of vulnerability {unknown}
 v - a scroll of acquirement {unknown}
 w - a scroll of enchant armour {unknown}
 x - a scroll of amnesia {unknown}
 y - a scroll of enchant weapon {unknown}
Potions
 d - 2 potions of might
 f - 4 potions of curing {unknown}
 l - 2 potions of heal wounds {unknown}
 p - 2 potions of brilliance {unknown}
 q - a potion of resistance {unknown}


   Skills:
 + Level 4.4 Fighting
 + Level 5.5 Axes
 + Level 4.5 Armour
 + Level 1.1 Dodging
 + Level 0.3 Stealth
 + Level 3.9 Shields


You had 5 spell levels left.
You didn't know any spells.
Your spell library contained the following spells:

 Spells                   Type           Power      Damage    Failure   Level
 Gell's Gravitas          Tloc           0%         N/A       99%         3
 Lesser Beckoning         Tloc           0%         N/A       99%         3
 Portal Projectile        Hex/Tloc       0%         N/A       99%         3
 Teleport Other           Tloc           0%         N/A       99%         3
 Tukima's Dance           Hex            0%         N/A       99%         3
 Blade Hands              Tmut           0%         N/A       100%        5


Dungeon Overview and Level Annotations

Branches:
Dungeon (4/15)
 Temple: D:4-7

Altars:

Annotations:
D:4 1 runed translucent door, TangoThomas's ghost, novice MfGl


Message History

You kill the giant cockroach!
You enter the shallow water.
Moving in this stuff is going to be slow.
Things that are here:
a giant cockroach corpse; a ball python corpse A worm is nearby!
TangoThomas's ghost grins evilly.
Things that are here:
a giant cockroach corpse; a ball python corpse
There is an open translucent door here.
TangoThomas's ghost attacks as you move away!
TangoThomas's ghost hits you. TangoThomas's ghost burns you.
TangoThomas's ghost attacks as you move away!
TangoThomas's ghost hits you. TangoThomas's ghost burns you.
You see here a worm corpse.
TangoThomas's ghost attacks as you move away!
TangoThomas's ghost hits you. TangoThomas's ghost burns you.
TangoThomas's ghost attacks as you move away!
You block TangoThomas's ghost's attack.
You feel very mighty all of a sudden. TangoThomas's ghost hits you.
TangoThomas's ghost burns you.
You miss TangoThomas's ghost.
TangoThomas's ghost hits you but does no damage.
You closely miss TangoThomas's ghost. You block TangoThomas's ghost's attack.
TangoThomas's ghost hits you. TangoThomas's ghost burns you.
You slash TangoThomas's ghost!
TangoThomas's ghost is lightly damaged.
TangoThomas's ghost hits you. TangoThomas's ghost burns you.
You miss TangoThomas's ghost.
TangoThomas's ghost is lightly damaged.
TangoThomas's ghost hits you!
* * * LOW HITPOINT WARNING * * *
TangoThomas's ghost burns you.
* * * LOW HITPOINT WARNING * * *
You miss TangoThomas's ghost.
TangoThomas's ghost is lightly damaged.
TangoThomas's ghost hits you!
* * * LOW HITPOINT WARNING * * *
TangoThomas's ghost burns you.
You die...

###.#.........
#.............
##...#..#.....
#..###.#..##.
##...##....##.
#####...###....#..
#.......# #.......
#.###...###.......
#@# #.............
##W# ####..........
#.†############....
#..#~~~~~~~~~#...##
#..'†~~w!~~~~+...##
##.#~~~~~~~~~#.....
#############.....
#...####..#
#....##...#


You could see TangoThomas's ghost.

Vanquished Creatures
  A hound (D:4)
  3 orc wizards (D:4)
  An iguana (D:4)
  2 adders
  A worm (D:4)
  12 orcs
  6 ball pythons
  2 bats (D:1)
  7 endoplasms
  5 giant cockroaches
  6 goblins
  5 hobgoblins
  3 jackals (D:2)
  4 kobolds
  9 quokkas
  4 frilled lizards
  4 rats
75 creatures vanquished.

Notes
Turn   | Place    | Note
-------+----------+-------------------------------------------
     0 | D:1      | Eitelfritz the Hill Orc Fighter began the quest for the
                  | Orb.
     0 | D:1      | Reached XP level 1. HP: 19/19 MP: 1/1
    81 | D:1      | Reached XP level 2. HP: 12/27 MP: 2/2
   324 | D:1      | Reached skill level 3 in Axes
   657 | D:1      | Reached XP level 3. HP: 31/33 MP: 3/3
   913 | D:1      | Found a faded altar of an unknown god.
  2268 | D:3      | Reached XP level 4. HP: 37/40 MP: 4/4
  2822 | D:4      | Found a runed translucent door.
  2970 | D:4      | Reached skill level 4 in Axes
  2992 | D:4      | Reached XP level 5. HP: 30/46 MP: 5/5
  3181 | D:4      | Reached skill level 1 in Dodging
  3478 | D:4      | Reached skill level 5 in Axes
  3558 | D:4      | Reached XP level 6. HP: 45/53 MP: 6/6
  3773 | D:4      | Found a runed translucent door.
  3777 | D:4      | Noticed TangoThomas's ghost (novice MfGl)
  3935 | D:4      | Slain by TangoThomas's ghost

Illustrated notes

Levels and vault maps discovered:
D:1:      spicycebolla_green_bress_n_ham, layout_basic, basic_ecumenical_altar,
          hangedman_decor_clover_reticule
D:2:      layout_loops_corners, roderic_roman_lattice
D:3:      layout_basic, minivault_27
D:4:      layout_cave_pools, ebering_ghost_sewer_f, kennysheep_generic_room_6

Skill      XL: |  1  2  3  4  5 |
---------------+----------------+-----
Fighting       | 4 |  4.4
Axes           | 3 4 5 |  5.5
Armour         | 4 |  4.5
Dodging        | 1 |  1.1
Stealth        | |  0.3
Shields        | |  3.9

Action                   |  1- 3 |  4- 6 || total
-------------------------+-------+-------++-------
Melee: War axe           |   107 |   125 ||   232
  Use: Potion            |       |     1 ||     1
Armor: Scale mail        |    61 |    86 ||   147
Dodge: Dodged            |    58 |    52 ||   110
Block: Buckler           |    33 |    19 ||    52
